Map: Deathaura LE

Players

BBB - Winner!

  • Race: Terran Terran
  • League: Master
  • Spawn Location: 11:00

MarcoMan

  • Race: Protoss Protoss
  • League: Master
  • Spawn Location: 5:00

VOD

Have the link to the VOD?

Description

Time

  • Played on: Jan. 15, 2021, 11:13 p.m.
  • Length: 13:44
Show
View Real Time Build Order
Export as new Build Order

BBB Terran - Winner!

Build Orders: Command Center First (CC) 

Get SALT Encoding   

  12  0:00  SCV  
  13  0:12  SCV  
  14  0:17  Supply Depot  
  14  0:24  SCV  
  15  0:38  SCV  
  16  0:50  SCV  
  17  0:59  Command Center  
  17  1:03  SCV  
  18  1:13  Barracks  
  18  1:17  SCV  
  19  1:27  Barracks  
  19  1:30  SCV  
  20  1:42  SCV  
  21  2:01  Marine  
  21  2:02  Orbital Command  
  21  2:06  Bunker  
  22  2:13  Orbital Command  
  22  2:14  Marine  
  23  2:18  Refinery  
  23  2:21  Refinery, Marine  
  24  2:27  SCV  
  25  2:33  Marine  
  26  2:38  SCV  
  26  2:39  SCV  
  26  2:40  Marine  
  29  2:50  SCV  
  30  2:51  SCV  
  30  2:55  Marine  
  30  2:57  Supply Depot  
  32  3:00  Marine  
  32  3:03  SCV  
  34  3:06  SCV, Refinery  
  35  3:15  Marine  
  35  3:18  Factory, SCV  
  37  3:26  Barracks Tech Lab  
  37  3:28  SCV  
  37  3:29  Engineering Bay  
  37  3:32  SCV  
  39  3:39  Supply Depot  
  39  3:41  Barracks Reactor  
  39  3:42  SCV  
  39  3:46  SCV  
  39  3:47  Stimpack  
  39  3:48  Marine  
  42  3:56  SCV  
  42  3:59  Missile Turret  
  42  4:07  Missile Turret, Supply Depot, Factory Tech Lab  
  42  4:08  Starport, SCV  
  42  4:09  SCV  
  44  4:11  Marine  
  44  4:15  Terran Infantry Weapons Level 1  
  45  4:22  Supply Depot, SCV, Marine x2  
  48  4:27  Siege Tank  
  48  4:29  SCV  
  48  4:31  Marine  
  53  4:35  SCV  
  54  4:41  Marine x2  
  54  4:42  Supply Depot  
  54  4:45  SCV  
  57  4:48  Starport Reactor  
  57  4:50  Marine  
  58  4:54  SCV  
  58  4:57  Supply Depot  
  58  4:59  Siege Tank  
  62  5:00  SCV  
  62  5:01  Marine x2  
  65  5:07  Supply Depot  
  65  5:08  SCV  
  65  5:09  Marine  
  65  5:13  SCV  
  68  5:20  SCV  
  69  5:22  Marine x2  
  69  5:26  SCV  
  69  5:28  Medivac x2  
  76  5:29  Command Center  
  76  5:30  Combat Shield  
  76  5:34  SCV  
  77  5:38  Siege Tank  
  77  5:40  Supply Depot  
  77  5:42  Marine x2  
  82  5:46  Supply Depot  
  82  5:48  SCV  
  82  5:49  SCV  
  84  5:53  Marine  
  85  5:59  Barracks  
  85  6:00  SCV  
  86  6:07  Marine x2  
  88  6:17  SCV  
  88  6:22  Marine  
  88  6:24  Siege Tank  
  88  6:25  Marine  
  93  6:26  Medivac x2, Supply Depot  
  93  6:28  Supply Depot, SCV  
  93  6:29  Terran Infantry Armor Level 1  
  93  6:30  Refinery  
  96  6:41  Marauder  
  96  6:42  Marine  
  96  6:43  Marine  
  96  6:44  SCV x2  
  96  6:46  Orbital Command, Barracks Tech Lab  
  102  6:59  Medivac x2  
  106  7:02  SCV x2  
  106  7:04  Barracks  
  106  7:06  Engineering Bay, Barracks  
  104  7:13  Marine x2  
  104  7:14  Marauder  
  94  7:24  Marauder, SCV  
  94  7:27  SCV x2  
  95  7:31  Marine x2  
  95  7:35  Marauder  
  98  7:37  Orbital Command  
  98  7:42  Medivac x2  
  96  7:44  SCV x2  
  96  7:45  Marine  
  96  7:49  Marine  
  95  7:54  Marine  
  95  7:56  Marine  
  92  8:02  SCV x2  
  94  8:10  Marine  
  94  8:11  Armory  
  94  8:12  Barracks Reactor, Barracks Tech Lab  
  95  8:15  Refinery  
  91  8:20  Refinery  
  91  8:24  SCV  
  91  8:25  Marauder, Marine x2  
  91  8:26  Medivac x2  
  98  8:28  Marine  
  99  8:39  Marauder  
  99  8:40  SCV  
  98  8:43  Marine x2  
  98  8:44  Command Center, SCV  
  98  8:46  Marine  
  101  8:49  Marine x3  
  101  8:53  Ghost Academy  
  104  9:00  Marine  
  104  9:01  Marine x2  
  104  9:02  Medivac x2, SCV  
  112  9:03  SCV, Marine  
  112  9:07  Marauder, Marine x2  
  118  9:14  Barracks x2  
  118  9:17  Terran Infantry Armor Level 2, Terran Infantry Weapons Level 2  
  118  9:18  Marine  
  118  9:23  Marine x3  
  122  9:24  Marine  
  122  9:26  Marine  
  122  9:28  Marine  
  122  9:31  SCV x2  
  127  9:34  Medivac x2  
  125  9:45  Marine  
  125  9:46  Marauder, Marine  
  128  9:56  Marine  
  128  9:57  Marauder, Marine  
  127  10:02  Marauder  
  127  10:05  Marine  
  128  10:07  Marauder  
  128  10:09  Starport, SCV  
  130  10:14  Barracks Reactor, Barracks Tech Lab  
  130  10:16  Barracks  
  129  10:23  Ghost, Marine x5  
  129  10:25  SCV x2  
  129  10:26  SCV  
  129  10:28  Ghost, Enhanced Shockwaves  
  139  10:29  Fusion Core  
  139  10:30  Terran Ship Weapons Level 1  
  141  10:35  Supply Depot  
  141  10:36  Marine  
  141  10:38  Medivac  
  141  10:39  SCV x2  
  141  10:41  Marine  
  147  10:48  SCV x2  
  147  10:49  Marauder, Marine x2  
  153  10:55  SCV  
  153  10:56  Marine x2  
  156  10:57  Viking  
  156  10:59  Starport Reactor  
  158  11:07  SCV  
  158  11:08  SCV  
  160  11:15  Marauder, Marine x2  
  164  11:20  Barracks Tech Lab  
  164  11:25  Marine x2  
  164  11:30  Marauder, Marine  
  163  11:38  Marauder  
  163  11:39  Marine  
  164  11:41  Marine  
  164  11:46  Marine  
  164  11:55  Viking x2, Marauder x3, Marine x3  
  164  11:56  Marauder  
  164  11:57  Planetary Fortress, Marine  
  164  11:58  Viking  
  164  11:59  Marine  
  183  12:09  Supply Depot x2  
  183  12:29  Viking x2  
  187  12:30  Viking x2  
  189  12:41  SCV  
  188  12:48  Marauder x2, Marine x5  
  197  13:02  Viking  
  192  13:22  Marauder, Marine x2  
  192  13:23  Marauder  
  192  13:24  Marine  
Show
View Real Time Build Order
Export as new Build Order

MarcoMan Protoss 

Build Orders: 1 Gate Expand, Blink Stalkers, Chargelot Immortal 

Get SALT Encoding   

  12  0:00  Probe  
  13  0:12  Probe  
  14  0:17  Pylon  
  14  0:25  Probe (Chrono Boost)  
  15  0:37  Gateway, Probe (Chrono Boost)  
  16  0:44  Probe (Chrono Boost)  
  16  0:46  Assimilator  
  17  0:51  Probe  
  18  1:03  Probe  
  19  1:15  Probe  
  20  1:28  Cybernetics Core  
  20  1:34  Nexus  
  20  1:40  Probe  
  20  1:45  Assimilator  
  21  1:51  Pylon  
  21  1:53  Probe  
  22  2:06  Probe  
  22  2:07  Adept (Chrono Boost)  
  23  2:12  Warp Gate  
  25  2:18  Probe  
  26  2:23  Twilight Council  
  26  2:30  Stalker  
  26  2:35  Probe  
  29  2:46  Probe  
  29  2:47  Probe  
  31  2:58  Probe  
  31  3:00  Sentry, Gateway  
  31  3:04  Gateway  
  34  3:14  Blink (Chrono Boost)  
  34  3:18  Probe  
  34  3:19  Probe  
  36  3:30  Probe (Chrono Boost)  
  36  3:31  Probe (Chrono Boost)  
  40  3:41  Probe (Chrono Boost)  
  40  3:42  Probe (Chrono Boost)  
  40  3:46  Probe (Chrono Boost)  
  40  3:47  Pylon, Probe (Chrono Boost)  
  42  3:56  Probe  
  42  3:57  Probe  
  42  4:02  Stalker  
  46  4:06  Stalker x2  
  46  4:08  Probe  
  46  4:09  Probe  
  52  4:11  Robotics Facility  
  52  4:23  Assimilator  
  52  4:25  Assimilator  
  52  4:28  Stalker  
  54  4:33  Pylon  
  54  4:43  Nexus  
  54  4:45  Pylon  
  54  4:51  Probe  
  55  4:54  Probe  
  55  4:55  Forge  
  55  4:57  Gateway  
  55  4:58  Charge (Chrono Boost)  
  55  4:59  Observer  
  57  5:03  Pylon, Probe  
  57  5:06  Stalker, Probe  
  61  5:13  Stalker  
  63  5:15  Probe  
  63  5:19  Probe  
  65  5:27  Probe  
  66  5:28  Photon Cannon  
  66  5:31  Probe  
  66  5:35  Photon Cannon  
  67  5:40  Shield Battery, Probe  
  67  5:42  Shield Battery  
  68  5:43  Probe  
  68  5:44  Stalker  
  68  5:47  Stalker  
  73  5:52  Probe  
  73  5:55  Probe  
  75  5:57  Sentry  
  75  6:00  Stalker  
  75  6:03  Probe  
  75  6:04  Probe  
  81  6:07  Pylon, Probe  
  82  6:15  Probe  
  82  6:17  Protoss Ground Armor Level 1, Probe  
  84  6:20  Robotics Bay  
  84  6:26  Zealot x2  
  84  6:27  Zealot x2  
  84  6:30  Pylon  
  90  6:44  Probe  
  90  6:46  Pylon, Immortal (Chrono Boost)  
  91  6:53  Zealot  
  91  6:54  Zealot x3  
  103  7:18  Immortal (Chrono Boost)  
  103  7:19  Zealot  
  103  7:20  Zealot x3  
  75  7:40  Zealot  
  75  7:41  Zealot x3  
  75  7:47  Immortal (Chrono Boost)  
  73  7:59  Gateway  
  73  8:01  Gateway  
  73  8:04  Stalker x2  
  73  8:05  Stalker x2  
  81  8:08  Probe  
  81  8:10  Gateway  
  81  8:11  Photon Cannon  
  82  8:15  Gateway  
  82  8:17  Immortal (Chrono Boost)  
  82  8:28  Zealot x3  
  82  8:29  Zealot  
  88  8:36  Protoss Ground Armor Level 2 (Chrono Boost)  
  88  8:37  Probe x2  
  86  8:44  Forge  
  84  8:50  Colossus (Chrono Boost)  
  84  8:52  Stalker x2  
  84  8:53  Stalker x2  
  91  9:04  Photon Cannon  
  91  9:06  Shield Battery  
  91  9:12  Probe x2  
  91  9:15  Assimilator  
  93  9:17  Assimilator  
  93  9:18  Stalker x3  
  99  9:27  Nexus  
  99  9:28  Stalker x4  
  99  9:29  Pylon  
  107  9:34  Colossus (Chrono Boost)  
  107  9:38  Protoss Ground Weapons Level 1 (Chrono Boost)  
  112  9:52  Zealot x5  
  118  9:53  Zealot  
  120  10:11  Probe x3  
  120  10:13  Stalker  
  125  10:18  Pylon  
  125  10:22  Assimilator  
  125  10:26  Assimilator  
  125  10:30  Photon Cannon  
  125  10:32  Shield Battery  
  125  10:36  Probe x3  
  125  10:40  Stalker x3  
  125  10:41  Stalker, Zealot  
  125  10:42  Zealot x3  
  144  10:47  Photon Cannon  
  144  11:02  Pylon  
  144  11:03  Zealot x2  
  148  11:04  Pylon  
  148  11:20  Probe x4  
  148  11:22  Zealot x3  
  148  11:23  Zealot x3  
  164  11:32  Probe  
  155  11:35  Zealot x2  
  155  11:54  Probe  
  156  11:58  Stalker x3  
  156  11:59  Stalker  
  164  12:03  Pylon  
  164  12:05  Pylon  
  159  12:27  Nexus  
  159  12:29  Pylon  
  157  12:31  Stalker, Pylon  
  157  12:32  Stalker x2  
  163  12:37  Assimilator  
  163  12:40  Assimilator x2  
  163  12:45  Stargate  
  163  12:48  Stargate  
  163  12:53  Photon Cannon  
  163  12:54  Zealot, Photon Cannon  
  163  12:55  Shield Battery, Zealot x4  
  163  12:56  Stalker x2  
  163  12:57  Stalker  
  160  13:19  Zealot x2  
  137  13:20  Zealot x4  
  137  13:26  Zealot x2  
Tags
 
Add a new tag
Caveats
  • Supply blocks, unpowered buildings, or Contaminate may cause inaccurate times.
  • Supply counts are checked every 10 seconds.